 Dungeon Crawl Stone Soup version 0.23.2-33-g5129a83184 (webtiles) character file.

Game seed: 6342765587038776755

3711 FishyPogo the Magician (level 10, -11/76 HPs)
             Began as a Merfolk Venom Mage on Aug 8, 2019.
             Was an Elder of Vehumet.
             Mangled by a two-headed ogre
             ... wielding a +0 giant club
              (12 damage)
             ... on level 8 of the Dungeon on Aug 9, 2019.
             The game lasted 01:20:37 (10576 turns).

FishyPogo the Magician (Merfolk Venom Mage)        Turns: 10576, Time: 01:20:38

Health: -11/76     AC:  3    Str:  8      XL:     10   Next: 14%
Magic:  16/19      EV: 12    Int: 17      God:    Vehumet [****..]
Gold:   245        SH:  2    Dex: 14 (16) Spells: 4/21 levels left

rFire    . . .     SeeInvis .   a - +2 spear (pierce)
rCold    + . .     Gourm    .   E - -2 buckler
rNeg     . . .     Faith    .   A - +0 leather armour {rC+}
rPois    .         Spirit   .   (no helmet)
rElec    .         Reflect  .   (no cloak)
rCorr    .         Harm     .   (no gloves)
MR       .....                  (no boots)
Stlth    ++........             (no amulet)
HPRegen  0.22/turn              H - ring of flight
MPRegen  0.16/turn              (no ring)

@: very slightly contaminated, heavily drained
A: change form in water, swift swim, stealthy swim
a: Renounce Religion, Evoke Flight


You were on level 8 of the Dungeon.
You worshipped Vehumet.
Vehumet was greatly pleased with you.
You were hungry.

You visited 2 branches of the dungeon, and saw 9 of its levels.
You also visited: Sewer.

You collected 385 gold pieces.
You spent 140 gold pieces at shops.

Inventory:

Hand Weapons
 a - a +2 spear of piercing (weapon)
 b - a +4 dagger
Missiles
 k - 421 stones (quivered)
Armour
 l - a +0 buckler
 A - a +0 leather armour of cold resistance (worn)
 E - a -2 buckler (worn)
 F - a +2 scale mail of positive energy
 I - a +0 robe of positive energy
 J - a +1 robe of resistance
Jewellery
 H - a ring of flight (left hand)
Wands
 e - a wand of digging (3)
 g - a wand of polymorph (19)
 x - a wand of acid (11)
Scrolls
 h - 2 scrolls of teleportation
 m - 2 scrolls of fear {unknown}
 o - 6 scrolls of identify
 t - a scroll of blinking {unknown}
 u - 6 scrolls of remove curse
 w - a scroll of amnesia {unknown}
 y - 2 scrolls of enchant armour
 B - 2 scrolls of enchant weapon {unknown}
 C - a scroll of random uselessness {unknown}
 G - a scroll of vulnerability {unknown}
Potions
 d - a potion of lignification {unknown}
 f - a potion of berserk rage
 i - a potion of mutation {unknown}
 j - 2 potions of agility {unknown}
 n - 3 potions of brilliance
 p - 9 potions of curing
 q - 2 potions of flight {unknown}
 r - 4 potions of heal wounds {unknown}
 s - 3 potions of might {unknown}
 v - a potion of haste
 z - 2 potions of resistance {unknown}
 D - a potion of magic {unknown}
Comestibles
 c - 8 rations


   Skills:
 + Level 6.0(4.2) Fighting
 - Level 2.0(0.3) Short Blades
 - Level 5.0(3.2) Polearms
 * Level 2.5(0.8) Armour
 - Level 5.1(3.3) Dodging
 - Level 3.1(1.4) Stealth
 - Level 4.0(2.3) Shields
 * Level 6.3(4.5) Spellcasting
 - Level 4.0(2.3) Conjurations
 - Level 3.0(1.3) Summonings
 - Level 2.1(0.5) Ice Magic
 - Level 6.0(4.2) Poison Magic


You had 4 spell levels left.
You knew the following spells:

 Your Spells              Type           Power        Failure   Level  Hunger
a - Sting                 Conj/Pois      ##..         1%          1    None
b - Poisonous Vapours     Pois/Air       ##....       17%         2    ##.....
c - Magic Dart            Conj           ##..         3%          1    None
d - Throw Frost           Conj/Ice       #.....       6%          2    ##.....
e - Call Imp              Summ           #.......     24%         2    ##.....
f - Fulminant Prism       Conj/Hex       #.........   38%         4    ####...
g - Bolt of Magma         Conj/Fire/Erth #.........   77%         5    ######.

Your spell library contained the following spells:

 Spells                   Type           Power        Failure   Level  Hunger
 Mephitic Cloud           Conj/Pois/Air  ##......     9%          3    ###....
 Conjure Flame            Conj/Fire      #.......     13%         3    ###....
 Olgreb's Toxic Radiance  Pois           ###.....     13%         4    ####...
 Confusing Touch          Hex            #.....       26%         1    None
 Blink                    Tloc           N/A          38%         2    ##.....
 Slow                     Hex            #.......     38%         2    ##.....
 Confuse                  Hex            #.......     63%         3    ###....
 Gell's Gravitas          Tloc           #.........   63%         3    ###....
 Petrify                  Tmut/Erth      #.......     95%         4    ####...
 Venom Bolt               Conj/Pois      ##........   43%         5    ######.
 Yara's Violent Unravell  Hex/Tmut       #.........   85%         5    ######.
 Metabolic Englaciation   Hex/Ice        #.........   100%        5    ######.


Dungeon Overview and Level Annotations

Branches:
Dungeon (8/15)             Temple (1/1) D:5
   Lair: D:8-11

Altars:
Ashenzari
Cheibriados
Dithmenos
Elyvilon
Fedhas
Gozag
Hepliaklqana
Kikubaaqudgha
Makhleb
Nemelex Xobeh
Okawaru
Qazlal
Ru
Sif Muna
Trog
Uskayaw
Vehumet
Wu Jian
Xom
Yredelemnul
Zin
The Shining One

Shops:
D:7 [!   D:8 =([

Annotations:
D:5 3 runed translucent doors, Thomus's ghost, amateur DEWz
D:7 3 runed translucent doors, raetorn's ghost, novice FoFi


Message History

There is a stone staircase leading down, spattered with blood here.
You climb downwards.
The two-headed ogre hits you with a +0 giant club!!
The two-headed ogre closely misses you.
There is a stone staircase leading up, spattered with blood here.
Casting: Call Imp (safe; 24% risk of failure)
Confirm with . or Enter, or press ? or * to list all spells.
A beastly little devil appears in a puff of flame.
The two-headed ogre barely misses you.
The two-headed ogre hits you with a +0 giant club!!
Your crimson imp barely misses the two-headed ogre.
Casting: Call Imp (safe; 24% risk of failure)
Confirm with . or Enter, or press ? or * to list all spells.
You miscast Call Imp.
You are very lightly contaminated with residual magic.
Your brain hurts!
The two-headed ogre hits you with a +0 giant club!!
* * * LOW HITPOINT WARNING * * *
The two-headed ogre hits you with a +0 giant club!
You die...

...≈≈.....###....##....#.# #.#...
.#≈≈o.###.# ##..)##....#.# #.#...
...≈#o###.####...##....#.###.#...
.#.##...........<..............##
.#.######......#.##......###.####
.#'######..###.#.........# #.....
........#.>......<....##.# #.....
........#...##.#.........# #.....
....z.z.....##.#@##5.....# #.#...
........##......O##.##...# #.#...
#####............5.......# #.#...
#...............###..# #.#...
###.............# ..# #.#...
#.............# ..# #.#... #.
#+########## #.#... #. .. #.####
#.##.####


You could see a two-headed ogre and a friendly crimson imp.

Vanquished Creatures
  2 hippogriffs (D:7)
  A dream sheep (D:3)
  An orc warrior (D:8)
  A phantom (D:6)
  2 ice beasts
  3 ogres
  3 centaurs
  3 big kobolds
  A bullfrog (D:7)
  2 scorpions
  A wight (D:8)
  A howler monkey (D:6)
  3 crimson imps
  A centaur zombie (D:5)
  A quasit (D:8)
  6 hounds
  13 orc wizards
  A gnoll shaman (D:7)
  An orc priest (D:7)
  2 bullfrog skeletons (D:4)
  Jessica (D:2)
  A centaur skeleton (D:4)
  2 iguanas
  8 worker ants
  Natasha (thrice) (D:2)
  6 adders
  18 gnolls
  A howler monkey skeleton (D:6)
  A shadow imp (D:8)
  3 oozes (Sewer)
  An adder skeleton (D:6)
  A worm (D:2)
  7 dart slugs
  2 leopard geckos
  35 orcs
  7 giant cockroaches
  11 goblins
  16 hobgoblins
  2 jackals (D:7)
  26 kobolds
  2 quokkas
  3 ball pythons
  6 bats
  5 frilled lizards
  8 rats
225 creatures vanquished.

Vanquished Creatures (collateral kills)
  2 hungry ghosts (D:7)
  A phantom (D:7)
  A wyvern skeleton (D:6)
  2 wights
  A bullfrog skeleton (D:7)
  2 worker ants (D:7)
  A gnoll (D:7)
  4 orcs (D:7)
  A quokka skeleton (D:6)
15 creatures vanquished.

Vanquished Creatures (others)
  4 dream sheep (D:3)
  A bush (D:5)
  2 fulminant prisms (D:7)
  4 fungi (D:7)
11 creatures vanquished.

Grand Total: 251 creatures vanquished

Notes
Turn   | Place    | Note
-------+----------+-------------------------------------------
     0 | D:1      | FishyPogo the Merfolk Venom Mage began the quest for the
                  | Orb.
     0 | D:1      | Reached XP level 1. HP: 13/13 MP: 3/3
   181 | D:1      | Reached XP level 2. HP: 13/19 MP: 1/5
   230 | D:1      | Learned a level 2 spell: Poisonous Vapours
   313 | D:1      | Reached skill level 1 in Conjurations
   706 | D:1      | Reached XP level 3. HP: 25/25 MP: 4/6
  1045 | D:2      | Noticed Jessica
  1047 | D:2      | Killed Jessica
  1047 | D:2      | Reached skill level 1 in Fighting
  1119 | D:2      | Reached XP level 4. HP: 32/32 MP: 1/7
  1174 | D:2      | Noticed Natasha
  1232 | D:2      | Killed Natasha
  1327 | D:2      | Found a stormy altar of Qazlal.
  1524 | D:2      | Noticed Natasha
  1542 | D:2      | Killed Natasha
  1542 | D:2      | Reached skill level 1 in Short Blades
  1542 | D:2      | Reached XP level 5. HP: 2/38 MP: 2/8
  1734 | D:2      | Noticed Natasha
  1739 | D:2      | Killed Natasha
  1739 | D:2      | Reached skill level 1 in Shields
  2134 | D:3      | Found a shattered altar of Ashenzari.
  2214 | D:3      | Found a glowing drain.
  2224 | Sewer    | Entered a sewer
  2281 | Sewer    | Noticed a big kobold
  2303 | Sewer    | Killed a big kobold
  2303 | Sewer    | Reached XP level 6. HP: 28/44 MP: 1/10
  2361 | Sewer    | Learned a level 1 spell: Magic Dart
  2795 | D:3      | Found a faded altar of an unknown god.
  2819 | D:3      | Noticed a dream sheep
  2819 | D:3      | Noticed a dream sheep
  2819 | D:3      | Noticed a dream sheep
  2819 | D:3      | Noticed a dream sheep
  2819 | D:3      | Noticed a dream sheep
  2819 | D:3      | Found a shimmering altar of Xom.
  2823 | D:3      | Killed a dream sheep
  2824 | D:3      | Killed a dream sheep
  2825 | D:3      | Killed a dream sheep
  2826 | D:3      | Killed a dream sheep
  2827 | D:3      | Killed a dream sheep
  3083 | D:4      | Reached XP level 7. HP: 20/51 MP: 8/11
  3668 | D:4      | Reached skill level 5 in Poison Magic
  4111 | D:5      | Entered Level 5 of the Dungeon
  4247 | D:5      | Found a staircase to the Ecumenical Temple.
  4256 | Temple   | Entered the Ecumenical Temple
  4275 | Temple   | Became a worshipper of Vehumet
  4749 | D:5      | Reached XP level 8. HP: 59/59 MP: 5/13
  4841 | D:5      | Reached skill level 1 in Polearms
  4873 | D:5      | Reached * piety under Vehumet
  4873 | D:5      | Offered knowledge of Sandblast by Vehumet.
  5289 | D:5      | Found a runed translucent gate.
  5290 | D:5      | Found a runed translucent gate.
  5290 | D:5      | Noticed Thomus's ghost (amateur DEWz)
  5291 | D:5      | Found a runed translucent gate.
  5293 | D:5      | Identified the +5 dagger "Ytexit" {elec, MR+}
  5396 | D:5      | Found a blossoming altar of Fedhas.
  5612 | D:4      | Reached ** piety under Vehumet
  5612 | D:4      | Offered knowledge of Throw Frost by Vehumet.
  5617 | D:4      | Learned a level 2 spell: Throw Frost
  5848 | D:5      | Reached skill level 1 in Ice Magic
  6510 | D:6      | Learned a level 2 spell: Call Imp
  6560 | D:6      | Reached XP level 9. HP: 66/66 MP: 4/15
  6932 | D:6      | Offered knowledge of Dazzling Spray by Vehumet.
  7047 | D:6      | Reached skill level 1 in Summonings
  7355 | D:7      | Reached skill level 5 in Fighting
  7355 | D:7      | Reached skill level 5 in Spellcasting
  7363 | D:7      | Reached *** piety under Vehumet
  7937 | D:7      | Found Waikam's Armour Boutique.
  8083 | D:7      | Found Xeyl's Distillery.
  8102 | D:7      | Bought a potion of curing for 42 gold pieces
  8102 | D:7      | Bought a potion of curing for 42 gold pieces
  8102 | D:7      | Bought a potion of curing for 42 gold pieces
  8102 | D:7      | Bought a potion of degeneration for 14 gold pieces
  8161 | D:7      | Reached skill level 5 in Dodging
  8193 | D:7      | Found a runed translucent gate.
  8193 | D:7      | Found a runed translucent gate.
  8193 | D:7      | Found a runed translucent gate.
  8194 | D:7      | Identified the +1 whip of Wariness {drain, MR+ Int+4}
  8194 | D:7      | Noticed a kobold demonologist
  8195 | D:7      | Noticed raetorn's ghost (novice FoFi)
  8210 | D:7      | Offered knowledge of Fulminant Prism by Vehumet.
  8216 | D:7      | Learned a level 4 spell: Fulminant Prism
  8589 | D:7      | Reached skill level 1 in Armour
  9089 | D:8      | Found Qext's Armour Shop.
  9095 | D:8      | Found Donor's Jewellery Emporium.
  9116 | D:8      | Reached skill level 5 in Polearms
  9222 | D:8      | Reached XP level 10. HP: 43/76 MP: 1/18
  9308 | D:8      | Found Zehaci's Weapon Shop.
  9321 | D:8      | Found a hazy altar of Hepliaklqana.
 10016 | D:8      | Found a glowing golden altar of the Shining One.
 10068 | D:8      | Reached **** piety under Vehumet
 10179 | D:7      | Offered knowledge of Bolt of Magma by Vehumet.
 10187 | D:7      | Learned a level 5 spell: Bolt of Magma
 10384 | D:8      | Noticed a two-headed ogre
 10576 | D:8      | HP: 1/76 [two-headed ogre/+0 giant club (28)]
 10576 | D:8      | Mangled by a two-headed ogre

Skill      XL: |  1  2  3  4  5  6  7  8  9 10 |
---------------+-------------------------------+-----
Dodging        | 3 5 |  5.1
Conjurations   | 1 2 3 4 |  4.0
Fighting       | 1 2 3 4 5 6 |  6.0
Poison Magic   | 4 5 6 |  6.0
Short Blades   | 1 2 |  2.0
Stealth        | 3 |  3.1
Shields        | 2 3 4 |  4.0
Spellcasting   | 3 4 5 6 |  6.3
Polearms       | 3 5 |  5.0
Ice Magic      | 2 |  2.1
Summonings     | 3 |  3.0
Armour         | 1 2 |  2.5

Action                   |  1- 3 |  4- 6 |  7- 9 | 10-12 || total
-------------------------+-------+-------+-------+-------++-------
Melee: Dagger            |    11 |    97 |    94 |       ||   202
       Hand axe          |     6 |       |       |       ||     6
       Spear             |       |    13 |   296 |    67 ||   376
       Tailslap          |       |     5 |       |       ||     5
Throw: Stone             |       |       |     1 |       ||     1
 Cast: Sting             |    30 |    76 |   168 |    17 ||   291
       Poisonous Vapours |     8 |     8 |    84 |    13 ||   113
       Magic Dart        |       |     3 |    36 |    10 ||    49
       Call Imp          |       |       |    33 |    18 ||    51
       Throw Frost       |       |       |    22 |     1 ||    23
       Fulminant Prism   |       |       |     2 |       ||     2
 Abil: Evoke Flight      |       |       |       |     1 ||     1
  Use: Scroll            |       |     4 |     1 |     2 ||     7
       Potion            |       |       |     2 |       ||     2
 Stab: Sleeping          |     1 |     2 |     6 |       ||     9
       Distracted        |       |       |     3 |       ||     3
  Eat: Chunk             |     1 |     9 |    25 |     1 ||    36
       Ration            |       |       |     1 |     1 ||     2
Armor: Robe              |     1 |    10 |     7 |       ||    18
       Leather armour    |       |       |    50 |     6 ||    56
Dodge: Dodged            |    13 |    65 |   237 |    38 ||   353
Block: Buckler           |       |       |    73 |     8 ||    81
